Map: Divergence CE

Players

Jasiuuu

  • Race: Protoss Protoss
  • Spawn Location: 5:00

Dealon

  • Race: Zerg Zerg
  • Spawn Location: 5:00

Nyck - Winner!

  • Race: Terran Terran
  • Spawn Location: 11:00

Ekelpack - Winner!

  • Race: Zerg Zerg
  • Spawn Location: 11:00

VOD

Have the link to the VOD?

Description

Time

  • Played on: Sept. 11, 2024, 3:58 p.m.
  • Length: 16:57
Show
View Real Time Build Order
Export as new Build Order

Jasiuuu Protoss 

Build Orders:  

Get SALT Encoding   

  12  0:00  Probe  
  13  0:12  Probe  
  14  0:21  Pylon  
  14  0:24  Probe  
  15  0:42  Gateway  
  15  0:47  Gateway  
  15  0:50  Probe  
  16  1:02  Pylon  
  16  1:10  Probe  
  17  1:15  Pylon  
  17  1:19  Assimilator  
  16  1:31  Zealot (Chrono Boost)  
  18  1:34  Zealot (Chrono Boost)  
  20  1:40  Cybernetics Core  
  20  1:45  Probe  
  21  1:50  Zealot  
  23  1:59  Zealot  
  25  2:04  Probe  
  26  2:12  Pylon  
  26  2:16  Probe  
  26  2:20  Pylon  
  27  2:28  Forge  
  27  2:46  Zealot x2  
  27  2:49  Shield Battery  
  31  3:04  Photon Cannon  
  27  3:13  Photon Cannon  
  27  3:14  Pylon  
  23  3:23  Photon Cannon  
  23  3:24  Pylon  
  23  3:32  Zealot x2  
  27  3:48  Probe  
  27  3:52  Robotics Facility  
  27  3:55  Gateway  
  27  3:59  Zealot  
  27  4:00  Zealot  
  31  4:03  Probe  
  31  4:08  Assimilator  
  32  4:17  Photon Cannon  
  32  4:26  Adept x2  
  36  4:33  Probe  
  37  4:45  Probe  
  38  4:46  Observer  
  39  4:59  Stalker  
  33  5:11  Zealot  
  35  5:29  Zealot, Nexus  
  35  5:32  Probe  
  38  5:40  Observer  
  38  6:17  Adept  
  38  6:18  Adept  
  38  6:27  Photon Cannon  
  38  6:30  Stalker  
  38  6:32  Pylon  
  36  6:58  Stalker  
  36  7:00  Stalker  
  34  7:07  Probe  
  35  7:14  Photon Cannon  
  35  7:17  Stalker  
  35  7:19  Probe (Chrono Boost)  
  37  7:24  Pylon  
  38  7:31  Probe (Chrono Boost)  
  38  7:34  Probe (Chrono Boost)  
  38  7:38  Probe (Chrono Boost)  
  38  7:41  Probe (Chrono Boost)  
  40  7:47  Pylon  
  40  7:49  Pylon  
  40  7:52  Pylon, Probe  
  40  7:56  Stalker  
  40  7:57  Stalker  
  40  7:58  Stalker  
  47  8:07  Photon Cannon  
  47  8:12  Photon Cannon  
  47  8:13  Photon Cannon  
  47  8:18  Pylon  
  47  8:27  Stalker  
  47  8:42  Protoss Ground Weapons Level 1  
  47  8:49  Assimilator  
  47  8:53  Assimilator  
  47  9:00  Probe  
  48  9:15  Twilight Council  
  48  9:23  Nexus  
  48  9:26  Probe  
  48  9:27  Probe  
  48  9:31  Sentry  
  52  9:53  Nexus  
  52  9:54  Sentry  
  52  9:57  Photon Cannon  
  52  9:59  Pylon  
  53  10:16  Stalker  
  59  10:23  Photon Cannon  
  55  10:45  Gateway  
  55  10:47  Gateway  
  55  10:49  Pylon  
  55  10:52  Gateway  
  55  10:54  Photon Cannon  
  55  10:55  Photon Cannon  
  55  11:00  Stalker  
  55  11:02  Blink  
  57  11:04  Probe  
  58  11:23  Photon Cannon  
  58  11:25  Photon Cannon  
  58  11:28  Pylon  
  58  11:32  Probe x2  
  60  11:37  Stalker  
  62  11:44  Probe  
  63  11:49  Probe  
  63  11:51  Pylon  
  63  11:52  Shield Battery  
  64  11:58  Photon Cannon  
  64  12:06  Probe  
  64  12:07  Probe  
  59  12:40  Photon Cannon  
  59  12:44  Photon Cannon  
  59  12:46  Pylon  
  59  12:59  Cybernetics Core  
  59  13:01  Probe  
  59  13:16  Photon Cannon  
  59  13:23  Photon Cannon  
  59  13:25  Probe  
  60  13:33  Photon Cannon  
  60  13:36  Probe  
  60  13:37  Probe  
  60  13:39  Sentry  
  64  13:41  Stalker x2  
  64  13:44  Warp Gate  
  64  13:46  Protoss Ground Weapons Level 2  
  68  13:48  Probe  
  69  13:56  Immortal  
  69  14:00  Probe  
  74  14:02  Assimilator  
  74  14:03  Probe  
  74  14:04  Probe  
  76  14:12  Probe  
  76  14:15  Probe  
  76  14:16  Probe  
  79  14:25  Probe  
  79  14:30  Stalker  
  79  14:31  Stalker x3  
  88  15:02  Stalker x4  
  68  16:16  Stalker  
  68  16:17  Stalker x3  
  76  16:20  Warp Prism  
Show
View Real Time Build Order
Export as new Build Order

Dealon Zerg 

Build Orders: Hatch First 

Get SALT Encoding   

  12  0:02  Drone  
  13  0:13  Overlord  
  13  0:17  Drone  
  14  0:32  Drone x2  
  16  0:55  Hatchery  
  15  1:03  Extractor  
  14  1:07  Spawning Pool  
  13  1:13  Drone  
  13  1:15  Drone  
  15  1:24  Drone  
  16  1:53  Queen  
  18  1:58  Zergling x6  
  21  2:08  Zergling x2  
  22  2:14  Zergling x2  
  22  2:15  Queen  
  25  2:18  Overlord  
  25  2:22  Metabolic Boost  
  25  2:32  Zergling x2  
  25  2:33  Zergling x2  
  27  2:49  Zergling x2  
  27  2:50  Zergling x4  
  29  3:09  Zergling x2  
  29  3:12  Zergling x2  
  28  3:15  Zergling x2  
  28  3:17  Overlord x2  
  26  3:31  Baneling Nest  
  26  3:33  Zergling x6  
  28  3:41  Zergling x4  
  30  3:51  Zergling x4  
  32  3:59  Zergling x4  
  34  4:20  Baneling  
  34  4:21  Baneling x3  
  34  4:23  Zergling x6  
  33  4:56  Zergling x4  
  33  4:57  Zergling x10  
  33  5:07  Baneling x2  
  33  5:08  Baneling x3  
  29  5:52  Zergling x2  
  29  5:53  Zergling x12  
  29  5:54  Zergling x6  
  38  6:13  Zergling x8  
  40  6:21  Zergling x2  
  41  6:32  Spore Crawler  
  38  6:35  Spore Crawler  
  31  6:46  Baneling x5  
  23  7:06  Lair  
  16  7:27  Spore Crawler  
  16  7:28  Drone x2  
  16  7:29  Drone  
  18  7:49  Spore Crawler  
  15  8:06  Hydralisk Den  
  14  8:31  Drone, Extractor  
  14  8:34  Overlord x2  
  14  8:37  Grooved Spines  
  14  9:00  Drone x2  
  14  9:01  Drone x2  
  18  9:07  Drone  
  18  9:08  Drone x3  
  22  9:28  Muscular Augments  
  22  9:32  Hydralisk  
  22  9:37  Hydralisk  
  26  9:45  Hydralisk  
  28  9:55  Infestation Pit  
  27  10:08  Hydralisk  
  29  10:18  Overlord x2  
  29  10:37  Infestor x2  
  33  10:44  Hydralisk  
  33  10:49  Hydralisk  
  37  11:00  Hydralisk  
  39  11:06  Hydralisk  
  41  11:24  Hydralisk  
  41  11:25  Hydralisk  
  45  11:57  Overlord x3  
  45  12:25  Hydralisk  
  45  12:26  Hydralisk x2  
  51  13:08  Hydralisk x4  
  59  13:39  Hatchery  
  58  14:03  Hydralisk x2  
  58  14:05  Hydralisk  
  64  14:36  Drone x4  
  68  14:48  Hydralisk  
  68  15:08  Hydralisk  
  70  15:52  Overlord x4  
  70  16:19  Hydralisk x3  
Show
View Real Time Build Order
Export as new Build Order

Nyck Terran - Winner!

Build Orders:  

Get SALT Encoding   

  12  0:01  SCV  
  13  0:13  SCV  
  14  0:18  Supply Depot  
  14  0:29  SCV  
  15  0:41  Barracks  
  15  0:42  SCV  
  16  0:54  Refinery  
  16  1:00  SCV  
  17  1:12  SCV  
  18  1:25  SCV  
  19  1:30  Marine  
  19  1:32  Barracks  
  20  1:37  SCV  
  21  1:49  SCV  
  22  1:56  Marine  
  23  2:07  Refinery  
  23  2:09  Orbital Command  
  23  2:13  Supply Depot  
  23  2:24  Barracks  
  23  2:34  Marine x2  
  24  2:48  SCV  
  25  2:52  Marine x2  
  26  3:10  Marine x2  
  25  3:15  Bunker  
  23  3:38  Marine x2  
  25  3:42  Marine  
  25  3:47  SCV  
  27  3:59  SCV  
  28  4:15  SCV  
  29  4:27  SCV  
  30  4:33  Barracks Tech Lab  
  30  4:34  Barracks Reactor x2  
  30  4:36  Command Center  
  30  4:39  SCV, Engineering Bay  
  29  5:05  Marine  
  22  5:11  Marine x3  
  22  5:12  Marine  
  26  5:15  Combat Shield  
  26  5:16  Terran Infantry Weapons Level 1  
  26  5:23  Marine  
  26  5:30  SCV  
  27  5:41  Marine  
  28  5:45  Marine x4  
  27  5:53  SCV  
  15  6:06  SCV  
  15  6:08  Marine x4  
  20  6:18  SCV  
  17  6:43  Marine x4  
  19  6:50  Marine  
  20  7:00  Marine  
  20  7:07  SCV  
  21  7:19  SCV  
  22  7:31  SCV  
  22  7:34  Marine x2  
  22  7:35  Marine x2  
  27  7:38  Terran Infantry Armor Level 1  
  27  7:43  SCV  
  28  7:47  Concussive Shells  
  28  7:55  SCV  
  28  7:57  Command Center  
  29  8:01  Marine x2  
  31  8:11  Supply Depot  
  31  8:33  SCV, Marine x2, Marauder  
  36  8:38  Marine x2  
  38  8:45  SCV  
  39  9:05  Supply Depot  
  39  9:08  SCV, Marine x4  
  39  9:09  Marauder  
  46  9:26  SCV  
  46  9:28  Marine x2  
  46  9:29  Marine x2  
  51  9:41  Factory  
  51  9:53  Orbital Command  
  51  9:58  SCV  
  52  10:09  Marine x2  
  52  10:10  SCV  
  55  10:19  Marine  
  56  10:23  SCV x2  
  56  10:27  Engineering Bay  
  58  10:33  Armory  
  58  10:35  SCV x2  
  60  10:36  Marine  
  61  10:47  SCV  
  62  10:54  Supply Depot  
  62  11:15  SCV x2, Marine x4  
  62  11:17  Supply Depot  
  68  11:24  Command Center  
  68  11:27  SCV x2  
  70  11:35  Refinery  
  70  11:38  Refinery  
  70  11:39  SCV, Terran Infantry Weapons Level 2  
  72  11:40  Supply Depot, SCV  
  72  11:52  Terran Infantry Armor Level 2  
  73  11:54  SCV x2  
  73  11:59  Marine x4  
  78  12:04  Supply Depot  
  78  12:06  SCV x2  
  80  12:14  Marauder  
  82  12:27  SCV x2  
  82  12:29  Starport  
  84  12:39  SCV x2  
  84  12:43  Planetary Fortress  
  86  12:53  Command Center  
  86  12:57  Supply Depot  
  86  13:01  Factory Reactor  
  86  13:03  SCV x2  
  88  13:15  SCV x2, Command Center  
  88  13:19  Supply Depot, Marine x4  
  94  13:22  SCV  
  95  13:41  Supply Depot  
  95  13:46  Medivac x2  
  99  13:55  Terran Infantry Weapons Level 3  
  99  14:05  Supply Depot  
  99  14:08  Terran Infantry Armor Level 3  
  99  14:10  Planetary Fortress  
  99  14:16  Medivac x2  
  103  14:25  SCV x2  
  103  14:27  Supply Depot  
  103  14:29  Marine x4  
  103  14:31  Marauder  
  111  14:41  Terran Vehicle And Ship Armor Level 1  
  111  14:46  Supply Depot, Medivac x2  
  115  14:55  Marine x4  
  115  14:56  Marauder  
  121  15:03  SCV x2  
  123  15:09  Supply Depot  
  123  15:10  Refinery  
  123  15:13  Refinery  
  123  15:14  SCV  
  124  15:15  SCV  
  124  15:16  Medivac x2  
  129  15:23  SCV x2, Refinery  
  129  15:26  SCV  
  129  15:28  SCV  
  133  15:33  Supply Depot  
  133  15:35  SCV  
  134  15:38  SCV  
  134  15:40  SCV  
  136  15:50  SCV  
  136  15:52  SCV  
  136  15:56  SCV x2  
  140  15:57  Supply Depot  
  140  16:02  SCV  
  142  16:04  SCV  
  142  16:08  SCV x2  
  144  16:14  SCV  
  144  16:16  SCV  
  146  16:20  SCV x2  
  148  16:26  SCV  
  148  16:28  SCV  
Show
View Real Time Build Order
Export as new Build Order

Ekelpack Zerg - Winner!

Build Orders: Hatch First 

Get SALT Encoding   

  12  0:00  Drone  
  13  0:13  Overlord  
  13  0:17  Drone  
  14  0:31  Drone  
  15  0:46  Drone  
  16  0:50  Hatchery  
  15  1:04  Spawning Pool  
  14  1:09  Drone  
  15  1:13  Extractor  
  15  1:18  Drone x2  
  16  1:31  Drone  
  17  1:52  Zergling x4  
  17  1:53  Queen  
  21  2:05  Drone  
  21  2:06  Queen  
  24  2:16  Drone x2  
  24  2:17  Drone  
  27  2:23  Drone  
  28  2:48  Overlord x2  
  28  2:51  Overlord, Metabolic Boost  
  28  2:57  Zergling x2  
  27  3:07  Zergling x2  
  27  3:08  Zergling x12  
  34  3:21  Zergling x6  
  34  3:25  Zergling x2  
  38  3:36  Lair  
  38  3:40  Drone x2  
  40  3:45  Drone x2  
  42  3:48  Extractor  
  41  3:55  Drone  
  41  3:56  Extractor  
  41  3:58  Extractor  
  40  4:03  Drone  
  39  4:17  Drone x2  
  39  4:23  Drone x3  
  44  4:37  Drone x3  
  47  4:38  Spire  
  46  4:52  Zergling x6  
  49  4:53  Zergling x4  
  49  4:59  Zergling x2  
  44  5:06  Zergling x8  
  46  5:10  Zergling x4  
  46  5:11  Zergling x4  
  50  5:16  Zergling x2  
  50  5:18  Overlord  
  45  5:45  Zergling x6  
  45  5:46  Zergling x6  
  44  5:53  Mutalisk x3  
  48  5:58  Mutalisk x2  
  48  6:01  Zerg Flyer Weapons Level 1  
  49  6:11  Mutalisk  
  49  6:16  Queen  
  49  6:17  Mutalisk x2  
  41  6:27  Mutalisk x3  
  41  6:28  Mutalisk  
  44  6:33  Drone x2  
  44  6:39  Mutalisk  
  42  6:47  Drone  
  42  6:48  Drone  
  43  7:10  Drone x3  
  46  7:22  Queen  
  46  7:25  Drone x3  
  51  7:30  Drone  
  52  7:37  Drone x2  
  52  7:42  Drone x2  
  52  7:43  Drone  
  57  7:49  Overlord  
  57  7:55  Overlord  
  57  8:17  Mutalisk x4  
  57  8:18  Mutalisk  
  67  8:28  Overlord  
  67  8:29  Overlord x2  
  67  8:39  Drone  
  68  8:52  Drone x3  
  71  8:57  Drone  
  71  8:58  Drone x3  
  75  9:08  Drone  
  76  9:19  Hatchery  
  76  9:22  Mutalisk x4  
  83  9:46  Mutalisk x4  
  83  9:47  Overlord  
  91  10:17  Overlord x2  
  91  10:41  Overlord x2, Mutalisk x3  
  91  10:42  Mutalisk x3  
  103  10:48  Drone x5  
  103  10:49  Drone  
  109  10:52  Extractor  
  109  10:54  Overlord  
  108  10:57  Extractor  
  107  11:30  Queen  
  109  11:35  Drone x3  
  112  11:48  Zerg Flyer Weapons Level 2  
  112  11:53  Infestation Pit  
  111  11:55  Roach Warren  
  111  11:57  Drone  
  111  12:19  Mutalisk x5  
  111  12:20  Mutalisk x5  
  131  12:32  Hive  
  131  12:42  Evolution Chamber  
  130  12:56  Roach x4  
  130  12:57  Roach x4  
  144  13:41  Overlord x5  
  144  13:42  Overlord x3  
  144  13:56  Zerg Melee Weapons Level 1  
  144  13:57  Ultralisk Cavern  
  143  14:05  Pneumatized Carapace  
  142  14:24  Drone x3  
  142  14:27  Drone x2  
  152  14:45  Ultralisk  
  152  14:46  Ultralisk x3  
  170  15:07  Chitinous Plating  
  170  15:36  Overlord x5  
  170  15:37  Overlord x2  
  164  15:47  Overlord x3  
  151  16:11  Ultralisk x3  
Tags
 
Add a new tag
Caveats
  • Supply blocks, unpowered buildings, or Contaminate may cause inaccurate times.
  • Supply counts are checked every 10 seconds.